Map: Heavy Artillery LE

Players

Sarrkette

  • Race: Terran Terran
  • League: Diamond
  • Spawn Location: 7:00

Кексик

  • Race: Terran Terran
  • Spawn Location: 7:00

qqq

  • Race: Zerg Zerg
  • League: Platinum
  • Spawn Location: 3:00

Massa

  • Race: Terran Terran
  • League: Platinum
  • Spawn Location: 1:00

VOD

Have the link to the VOD?

Description

Time

  • Played on: Jan. 4, 2021, 3:25 p.m.
  • Length: 11:54
Show
View Real Time Build Order
Export as new Build Order

Sarrkette Terran 

Build Orders: Liberator Opening 

Get SALT Encoding   

  12  0:01  SCV  
  13  0:13  SCV  
  14  0:16  Supply Depot  
  14  0:25  SCV  
  15  0:38  SCV  
  15  0:39  Barracks  
  16  0:45  Refinery  
  16  0:50  SCV  
  17  1:02  SCV  
  18  1:14  SCV  
  19  1:26  Marine  
  19  1:27  Orbital Command  
  20  1:46  Marine  
  21  1:47  Command Center  
  21  1:53  SCV  
  22  1:59  Factory  
  22  2:04  Marine  
  23  2:11  Supply Depot  
  23  2:17  Refinery  
  23  2:32  SCV, Marine  
  25  2:43  Factory Reactor  
  25  2:44  Starport, SCV  
  25  2:50  Marine  
  27  2:57  SCV  
  28  2:59  Orbital Command  
  28  3:08  Marine  
  28  3:09  SCV  
  30  3:21  SCV  
  30  3:24  SCV  
  30  3:26  Factory Tech Lab, Marine  
  33  3:27  Liberator  
  33  3:28  Barracks  
  36  3:37  SCV  
  36  3:38  Refinery, SCV  
  38  3:43  Marine  
  38  3:44  Liberator  
  42  3:50  SCV x2  
  44  4:01  Marine  
  45  4:07  SCV  
  46  4:11  Refinery  
  46  4:12  Supply Depot  
  46  4:13  Supply Depot  
  46  4:32  SCV, Liberator  
  46  4:34  Siege Tank  
  46  4:35  Barracks Reactor  
  53  4:41  Barracks Reactor, SCV  
  53  4:44  SCV  
  55  4:57  SCV x2, Barracks x2  
  57  5:06  Siege Tank  
  57  5:17  SCV x2  
  57  5:28  Liberator x2  
  57  5:29  SCV x2, Marine x2  
  57  5:30  Marine x2  
  69  5:38  Supply Depot  
  69  5:56  Marine  
  70  5:59  Marine x5, Siege Tank  
  78  6:08  Supply Depot  
  78  6:30  Liberator, Marine x5  
  86  6:33  Marine  
  86  6:34  SCV x2  
  86  6:35  Siege Tank  
  81  6:47  Marine x4  
  86  6:57  SCV  
  86  6:58  SCV, Barracks Tech Lab  
  86  7:04  Barracks Tech Lab  
  86  7:07  Command Center  
  86  7:10  Liberator  
  86  7:21  Marine  
  86  7:32  Marine  
  86  7:35  Marine x4, Siege Tank  
  86  7:36  Liberator  
  93  7:38  Combat Shield  
  93  7:39  Marine, Stimpack  
  94  7:49  Marine  
  93  7:53  Liberator, Marine x3  
  93  7:54  Marine  
  93  7:57  Marine  
  97  8:07  Marine, Siege Tank  
  97  8:10  Marine x3  
  104  8:18  Barracks  
  104  8:19  Barracks, Liberator  
  107  8:21  Barracks  
  105  8:30  Marine x6  
  108  8:39  Siege Tank  
  111  8:48  Marine x3  
  113  8:49  SCV  
  113  8:50  SCV, Orbital Command  
  110  9:10  Medivac x2  
  104  9:21  Marine  
  104  9:22  Marine x6  
  113  9:27  Barracks Reactor, Engineering Bay x2  
  111  9:34  Barracks Reactor  
  111  9:39  Marine x2  
  111  9:40  Marine x2  
  115  9:48  Medivac x2  
  115  9:52  SCV x3  
  122  9:53  Marine x2  
  122  9:54  Marine  
  122  9:57  Terran Infantry Armor Level 1, Terran Infantry Weapons Level 1  
  125  10:03  Factory x2  
  125  10:24  SCV x2, Medivac, Siege Tank  
  124  10:29  Medivac  
  119  10:42  Marine x7  
  118  10:43  Marine x3  
  118  10:51  SCV x3  
  118  10:53  Refinery  
  118  10:54  Medivac  
  118  10:55  Refinery, Factory Tech Lab x2  
  118  10:56  Armory, Siege Tank  
  124  10:58  Barracks Tech Lab  
  124  10:59  Medivac  
  125  11:32  Marine x4  
Show
View Real Time Build Order
Export as new Build Order

Кексик Terran 

Build Orders: Reaper Expand 

Get SALT Encoding   

  12  0:00  SCV  
  13  0:13  SCV  
  14  0:18  Supply Depot  
  14  0:26  SCV  
  15  0:39  SCV  
  15  0:40  Barracks  
  16  0:49  Refinery  
  16  0:51  SCV  
  16  1:05  SCV  
  17  1:17  SCV  
  18  1:37  Orbital Command  
  18  1:45  Command Center  
  18  1:48  Reaper  
  19  2:01  Barracks  
  19  2:04  SCV  
  20  2:13  Refinery  
  20  2:16  SCV  
  21  2:25  Supply Depot  
  21  2:28  SCV  
  22  2:40  SCV  
  23  2:50  Barracks Reactor  
  23  2:52  SCV  
  23  2:54  Factory  
  23  2:56  Barracks Tech Lab  
  24  3:00  Orbital Command  
  24  3:04  SCV  
  25  3:19  SCV  
  26  3:20  Orbital Command  
  26  3:23  Stimpack  
  26  3:25  Marine  
  26  3:26  Marine x2  
  29  3:31  SCV  
  30  3:43  SCV  
  30  3:46  SCV  
  30  3:47  Marine x3  
  34  3:49  Factory Tech Lab  
  34  3:50  Starport  
  34  3:54  Factory Reactor  
  34  3:55  SCV  
  35  3:58  SCV  
  36  4:05  Marine x2  
  36  4:07  SCV  
  39  4:10  SCV  
  39  4:15  Marine  
  41  4:19  SCV  
  41  4:22  SCV  
  41  4:23  Marine x2  
  45  4:31  SCV  
  46  4:40  Supply Depot  
  46  4:41  Factory Tech Lab, Supply Depot  
  46  4:47  Command Center  
  46  4:53  SCV x2, Marine x2, Medivac x2  
  54  5:01  Marine  
  54  5:02  Supply Depot  
  54  5:04  Siege Tank  
  54  5:05  SCV x2  
  60  5:11  Marine x2  
  62  5:17  SCV x2  
  64  5:21  Marine  
  64  5:23  Medivac x2  
  69  5:28  Marine x2  
  69  5:29  SCV  
  69  5:35  SCV  
  73  5:38  Refinery  
  73  5:39  Refinery  
  73  5:40  Supply Depot  
  73  5:41  SCV  
  74  5:47  SCV, Marine x2  
  77  5:54  SCV  
  77  5:55  Supply Depot x2  
  78  5:58  Siege Tank  
  81  6:09  Marine  
  81  6:10  Marine x2  
  85  6:11  SCV  
  85  6:15  Supply Depot  
  85  6:27  Marine x2  
  85  6:28  Marine  
  70  6:52  Marine  
  70  6:53  Marine x2  
  70  6:54  Medivac x2, Siege Tank  
  76  6:55  SCV  
  76  6:57  SCV  
  76  6:59  Barracks  
  76  7:00  Barracks  
  82  7:06  Refinery  
  82  7:07  SCV  
  83  7:10  SCV, Marine  
  83  7:11  Refinery, Marine x2  
  83  7:12  Barracks  
  83  7:14  Barracks  
  83  7:15  Factory  
  87  7:19  Starport, SCV  
  88  7:28  Marine x3  
  74  7:45  Siege Tank  
  74  7:46  Marine x3  
  74  7:48  SCV x2  
  83  7:54  Orbital Command  
  82  8:00  SCV x2  
  82  8:03  Marine  
  82  8:04  Marine x2  
  82  8:05  Marine  
  82  8:06  Marine  
  82  8:11  Barracks Reactor  
  82  8:12  SCV, Barracks Tech Lab  
  85  8:14  Factory Tech Lab, Starport Reactor  
  85  8:16  SCV  
  86  8:21  Marine, Siege Tank  
  86  8:22  Marine x2, Liberator  
  86  8:23  Marine  
  86  8:24  SCV, Marine  
  98  8:28  SCV  
  98  8:32  Marine  
  100  8:36  SCV  
  100  8:39  Marine  
  100  8:40  SCV, Marine x2  
  105  8:41  Marine x2  
  107  8:50  Marine  
  107  8:54  Marine x2  
  103  8:56  Siege Tank x2  
  103  8:57  SCV, Marine x3  
  103  8:59  SCV  
  103  9:00  Supply Depot  
  103  9:01  Supply Depot  
  115  9:05  SCV, Ghost Academy  
  115  9:06  Ghost Academy  
  115  9:07  Barracks Tech Lab  
  115  9:08  Barracks Tech Lab  
  115  9:09  SCV  
  116  9:12  SCV  
  117  9:17  SCV, Marine  
  117  9:18  Marine x3  
  117  9:21  SCV  
  117  9:23  Supply Depot x2  
  123  9:24  Marine x2  
  123  9:25  Marine  
  123  9:28  Viking  
  128  9:35  Marine  
  129  9:48  Marine x4  
  129  9:49  Ghost x2, Marine  
  129  9:52  Nuke  
  135  10:03  Personal Cloaking  
  135  10:06  Ghost x2  
  135  10:07  SCV x2  
  140  10:08  Viking x2  
  145  10:16  SCV  
  144  10:35  SCV x3  
  147  10:42  Command Center  
  147  10:44  Supply Depot  
  147  10:45  Supply Depot  
  147  10:46  Ghost Academy  
  147  10:47  SCV x2  
  149  10:50  Supply Depot, Ghost Academy  
  149  10:51  Marine, Supply Depot  
  150  11:14  Supply Depot  
  150  11:15  Supply Depot  
  146  11:27  Marine  
  146  11:28  Marine x3  
  146  11:29  Marine x2  
  146  11:32  SCV x3  
  171  11:40  Ghost Academy  
Show
View Real Time Build Order
Export as new Build Order

qqq Zerg 

Build Orders: Hatch First, Muta Ling Bane 

Get SALT Encoding   

  12  0:01  Drone  
  13  0:08  Drone  
  14  0:18  Overlord  
  14  0:45  Hatchery  
  13  0:50  Drone  
  13  0:57  Drone x2  
  16  1:14  Drone x2  
  18  1:23  Spawning Pool  
  17  1:40  Drone x2  
  17  1:44  Extractor  
  18  1:57  Drone  
  18  1:58  Overlord  
  18  1:59  Drone  
  20  2:13  Queen  
  20  2:14  Queen  
  24  2:25  Hatchery  
  24  2:28  Drone  
  24  2:36  Drone  
  25  2:39  Drone  
  25  2:42  Drone  
  27  2:44  Metabolic Boost  
  27  2:51  Drone x2  
  27  2:55  Drone  
  30  2:59  Extractor  
  30  3:02  Drone  
  30  3:04  Overlord  
  30  3:07  Drone  
  31  3:15  Drone  
  31  3:16  Drone  
  33  3:24  Drone  
  33  3:26  Drone  
  35  3:30  Lair  
  35  3:31  Drone  
  35  3:32  Drone  
  35  3:34  Overlord  
  37  3:36  Drone  
  37  3:39  Zergling x2  
  39  3:45  Queen  
  39  3:47  Drone  
  42  3:49  Drone  
  42  3:54  Zergling x2  
  44  4:03  Drone x3  
  44  4:07  Spore Crawler  
  46  4:14  Baneling Nest  
  46  4:15  Zergling x6  
  46  4:16  Drone  
  46  4:17  Drone x2  
  51  4:23  Evolution Chamber, Overlord  
  50  4:30  Zergling x4  
  52  4:31  Hydralisk Den  
  52  4:32  Drone  
  52  4:40  Spore Crawler  
  51  4:46  Extractor  
  51  4:47  Drone x2  
  51  4:48  Extractor  
  51  4:49  Drone x2  
  51  4:51  Zergling x2  
  51  4:52  Zergling x2  
  55  5:07  Lurker Den, Overlord x2  
  55  5:08  Overlord x3  
  54  5:15  Spine Crawler, Baneling  
  54  5:16  Baneling x5  
  54  5:21  Centrifical Hooks  
  53  5:26  Hydralisk  
  55  5:36  Drone x4  
  55  5:37  Drone x3  
  62  5:44  Spore Crawler  
  62  5:57  Zergling x6  
  64  6:06  Hydralisk  
  64  6:07  Hydralisk  
  64  6:10  Muscular Augments  
  64  6:11  Drone x5  
  72  6:13  Extractor  
  72  6:15  Extractor  
  65  6:37  Zergling x6  
  65  6:38  Hydralisk x3  
  63  6:49  Hydralisk  
  46  7:07  Spire  
  42  7:11  Drone  
  42  7:12  Drone x2  
  42  7:13  Hydralisk  
  44  7:38  Lurker x2  
  40  7:54  Hydralisk x4  
  40  7:55  Hydralisk  
  40  7:56  Zergling x6  
  53  8:14  Hydralisk  
  53  8:17  Drone x3  
  58  8:20  Corruptor  
  60  8:30  Lurker  
  60  8:31  Corruptor  
  60  8:35  Drone  
  60  8:40  Baneling x6  
  61  8:47  Drone  
  44  9:10  Mutalisk x3  
  44  9:12  Drone x3  
  53  9:29  Mutalisk  
  53  9:30  Drone, Infestation Pit  
  52  10:01  Drone x3  
  52  10:02  Lurker Den  
  54  10:08  Zergling x8  
  54  10:09  Zergling x8  
  61  10:21  Spine Crawler  
  46  10:40  Drone x2  
  41  11:00  Drone  
  41  11:02  Drone  
  42  11:06  Mutalisk  
  42  11:07  Mutalisk x2  
  48  11:14  Baneling x5  
  48  11:15  Baneling x7  
  48  11:18  Drone  
  48  11:19  Mutalisk  
  42  11:40  Spine Crawler  
Show
View Real Time Build Order
Export as new Build Order

Massa Terran 

Build Orders: Reaper Expand 

Get SALT Encoding   

  12  0:00  SCV  
  13  0:12  SCV  
  14  0:19  Supply Depot  
  14  0:25  SCV  
  15  0:40  SCV  
  15  0:41  Barracks  
  16  0:46  Refinery  
  16  0:52  SCV  
  17  1:05  SCV  
  18  1:17  SCV  
  19  1:29  Orbital Command  
  19  1:31  Reaper  
  20  1:42  Command Center  
  20  1:59  Supply Depot  
  20  2:00  SCV  
  21  2:05  Refinery  
  21  2:06  Marine  
  22  2:14  Factory  
  22  2:32  Barracks Tech Lab  
  22  2:33  Supply Depot  
  22  2:34  SCV  
  23  2:46  SCV  
  24  2:54  Orbital Command  
  24  2:58  SCV  
  24  3:04  Factory Tech Lab  
  25  3:10  SCV  
  26  3:13  Command Center  
  26  3:23  SCV  
  26  3:24  SCV  
  28  3:29  Barracks  
  28  3:32  Siege Tank  
  28  3:33  Marine  
  32  3:36  SCV  
  32  3:40  Supply Depot  
  33  3:47  Stimpack  
  33  3:50  SCV x2  
  33  3:51  Marine  
  36  4:02  SCV x2  
  37  4:12  Marine  
  37  4:14  Siege Tank  
  41  4:21  Barracks Reactor  
  41  4:27  SCV  
  41  4:28  SCV x2, Barracks x2  
  41  4:30  Marine  
  45  4:34  Supply Depot  
  45  4:35  Engineering Bay  
  45  4:39  SCV  
  45  4:40  SCV x2  
  45  4:42  Refinery  
  45  4:44  Refinery  
  48  4:52  SCV x2  
  50  4:58  Widow Mine  
  51  5:07  Marine x2  
  51  5:25  Marine x2  
  51  5:27  Widow Mine  
  51  5:31  Marine x2  
  53  5:36  SCV x2  
  53  5:37  SCV  
  56  5:42  Marine  
  56  5:43  Marine  
  56  5:47  Starport  
  56  5:48  Marine  
  56  5:49  Starport, Marine  
  58  6:12  Terran Infantry Weapons Level 1  
  58  6:14  Barracks, Supply Depot  
  58  6:15  Barracks, Supply Depot x2  
  58  6:16  Barracks Tech Lab, Marine  
  58  6:17  Marine x2  
  61  6:26  Factory Tech Lab  
  61  6:30  Supply Depot  
  61  6:34  Marine, Viking x2  
  61  6:35  Marine x2  
  61  6:36  Armory  
  58  6:44  Marine  
  58  6:46  Combat Shield  
  52  6:49  Widow Mine  
  52  6:52  Marine x2  
  52  6:53  Marine  
  55  7:02  Marauder  
  57  7:10  Marine, Siege Tank  
  57  7:12  Marine  
  62  7:20  Marine  
  63  7:24  Marauder  
  50  7:38  Marine  
  50  7:42  Siege Tank  
  50  7:43  Viking  
  50  7:45  Marauder  
  39  8:06  Terran Infantry Armor Level 1  
  38  8:21  Viking  
  38  8:22  Viking  
  37  8:39  Marine  
  36  8:42  Marine x2  
  36  8:45  SCV  
  39  8:57  SCV, Marine  
  39  9:00  Marine x2  
  43  9:09  SCV  
  44  9:15  Marine  
  48  9:18  Marine x2  
  48  9:21  SCV  
  51  9:29  SCV  
  47  9:32  Marine  
  47  9:34  SCV  
  47  9:35  Marine  
  47  9:36  Marine  
  47  9:41  SCV  
  47  9:46  SCV  
  47  9:50  Marine  
  49  9:53  Marine  
  49  9:54  SCV  
  49  9:59  Barracks Tech Lab  
  50  10:01  SCV  
  51  10:08  Marine  
  51  10:11  Marine  
  51  10:12  Liberator x2  
  51  10:13  SCV  
  59  10:14  Factory Tech Lab  
  59  10:26  SCV, Marine  
  59  10:38  SCV  
  45  10:43  Marauder, Marine  
  45  10:44  Marine  
  49  10:54  Planetary Fortress  
  49  11:01  Marine, Siege Tank  
  49  11:02  Marine  
  54  11:04  Marauder  
  54  11:09  Command Center  
  53  11:19  Marine x2  
  53  11:20  Viking x2  
  58  11:26  Marauder  
Tags
 
Add a new tag
Caveats
  • Supply blocks, unpowered buildings, or Contaminate may cause inaccurate times.
  • Supply counts are checked every 10 seconds.